 Dungeon Crawl Stone Soup version 0.26.1-11-gd32895ea62 (webtiles) character file.

Game seed: 1539963539965590696

375 dtburroughs the Skirmisher (level 6, -10/56 HPs)
             Began as a Minotaur Berserker on May 14, 2021.
             Was a Believer of Trog.
             Mangled by an orc priest
             ... wielding a +1 hand axe of distortion
              (12 damage)
             ... on level 5 of the Dungeon.
             The game lasted 00:07:42 (4053 turns).

dtburroughs the Skirmisher (Minotaur Berserker)     Turns: 4053, Time: 00:07:43

Health: -10/56     AC:  9    Str: 21    XL:     6   Next: 44%
Magic:  5/5        EV:  9    Int:  6    God:    Trog [**....]
Gold:   206        SH:  0    Dex: 10    Spells: 5/5 levels left

rFire    . . .     SeeInvis .   a - +0 hand axe
rCold    . . .     Faith    .   (no shield)
rNeg     . . .     Spirit   .   q - +0 chain mail
rPois    .         Reflect  .   (helmet restricted)
rElec    .         Harm     .   (no cloak)
rCorr    .         Rampage  .   (no gloves)
Will     ++...                  (no boots)
Stlth    ..........             (no amulet)
HPRegen  1.18/turn              (no ring)
MPRegen  0.09/turn              (no ring)

@: regenerating (expiring)
A: retaliatory headbutt, horns 2
a: Renounce Religion, Berserk, Trog's Hand


You were on level 5 of the Dungeon.
You worshipped Trog.
Trog was pleased with you.
You visited 1 branch of the dungeon, and saw 5 of its levels.

You collected 206 gold pieces.

Inventory:

Hand Weapons
 a - a +0 hand axe (weapon)
Armour
 q - a +0 chain mail (worn)
Jewellery
 l - an uncursed ring of magical power {unknown}
 p - a cursed ring of attention {unknown}
 v - an uncursed ring of protection from cold {unknown}
Wands
 t - a wand of iceblast (7)
Scrolls
 b - a scroll of enchant weapon {unknown}
 c - a scroll of random uselessness {unknown}
 e - 2 scrolls of remove curse {unknown}
 f - a scroll of fog {unknown}
 j - 5 scrolls of identify {unknown}
 m - a scroll of noise {unknown}
 n - a scroll of blinking {unknown}
 r - a scroll of amnesia {unknown}
 s - a scroll of enchant armour {unknown}
 u - a scroll of teleportation {unknown}
Potions
 d - 2 potions of curing {unknown}
 g - 2 potions of attraction {unknown}
 h - a potion of heal wounds {unknown}
 i - 3 potions of degeneration {unknown}
 k - a potion of berserk rage {unknown}
 o - a potion of resistance {unknown}
 w - a potion of cancellation {unknown}
 x - a potion of brilliance {unknown}


   Skills:
 + Level 5.4 Fighting
 + Level 5.3 Axes
 + Level 4.5 Armour
 + Level 4.1 Dodging
 + Level 0.6 Evocations


You had 5 spell levels left.
You didn't know any spells.
Your spell library was empty.

Dungeon Overview and Level Annotations

Branches:
Dungeon (5/15)
 Temple: D:4-7

Altars:
Dithmenos
Fedhas
Hepliaklqana
Nemelex Xobeh
Okawaru

Annotations:
D:3 2 runed translucent doors, Dogology's ghost, amateur NaIE
D:5 Blork the orc


Innate Abilities, Weirdness & Mutations

You reflexively headbutt those who attack you in melee.
You have a pair of horns on your head.


Message History

The orc hits you but does no damage. Something hits you!
You hit the orc but do no damage. Your headbutt misses the orc.
The orc is almost dead.
The orc closely misses you. You furiously retaliate!
You headbutt the orc!
You kill the orc!
Trog accepts your kill. Something hits you.
You hit the orc priest.
The orc priest is lightly wounded.
The orc priest hits you with a +1 hand axe of distortion.
Space warps horribly around you!
* * * LOW HITPOINT WARNING * * *
You hit the orc priest but do no damage.
You headbutt the orc priest!
The orc priest is heavily wounded.
Something hits you!
* * * LOW HITPOINT WARNING * * *
The orc priest hits you but does no damage.
Space warps horribly around you!
You die...

#### ##################
.....
................)#{.....
..<.[...........@o......
###########......#......
#####..# ..... #### ....
... .. .


You could see an orc priest.

Vanquished Creatures
  A scorpion (D:4)
  4 orc wizards
  Jessica (D:2)
  A worker ant (D:5)
  Terence (D:2)
  Robin (D:2)
  2 adders
  An ooze (D:1)
  A worm (D:4)
  A dart slug (D:3)
  3 leopard geckos (D:2)
  19 orcs
  5 bats
  4 giant cockroaches
  13 goblins
  8 hobgoblins
  2 jackals (D:4)
  6 kobolds
  A ball python (D:4)
  4 frilled lizards
  7 rats
86 creatures vanquished.

Notes
Turn   | Place    | Note
-------+----------+-------------------------------------------
     0 | D:1      | dtburroughs the Minotaur Berserker began the quest for the
                  | Orb.
     0 | D:1      | Reached XP level 1. HP: 19/19 MP: 0/0
   218 | D:1      | Reached XP level 2. HP: 17/27 MP: 1/1
   796 | D:2      | Noticed Terence
   805 | D:2      | Killed Terence
   806 | D:2      | Reached XP level 3. HP: 21/33 MP: 2/2
  1040 | D:2      | Noticed Robin
  1046 | D:2      | Reached ** piety under Trog
  1059 | D:2      | Killed Robin
  1060 | D:2      | Reached XP level 4. HP: 22/41 MP: 3/3
  1647 | D:2      | Noticed Jessica
  1668 | D:2      | Killed Jessica
  2057 | D:3      | Found a shadowy altar of Dithmenos.
  2057 | D:3      | Noticed a shadow
  2059 | D:3      | Found a hazy altar of Hepliaklqana.
  2091 | D:3      | Found a large runed translucent door.
  2091 | D:3      | Found a large runed translucent door.
  2096 | D:3      | Noticed Dogology's ghost (amateur NaIE)
  2257 | D:3      | Found a blossoming altar of Fedhas.
  2290 | D:3      | Found a faded altar of an unknown god.
  2517 | D:3      | Reached XP level 5. HP: 47/47 MP: 4/4
  2626 | D:3      | Found an iron altar of Okawaru.
  2626 | D:3      | Found a sparkling altar of Nemelex Xobeh.
  2752 | D:4      | Reached skill level 5 in Fighting
  3016 | D:4      | Reached skill level 5 in Axes
  3119 | D:4      | Reached XP level 6. HP: 46/56 MP: 5/5
  4013 | D:5      | Entered Level 5 of the Dungeon
  4028 | D:5      | Noticed Blork the orc
  4053 | D:5      | HP: 2/56 [something (7)]
  4053 | D:5      | Mangled by an orc priest

Illustrated notes

Levels and vault maps discovered:
D:1:      lightli_iron_boxes, layout_rooms, serial_curves, eino_curves_02,
          eino_curves_01, eino_curves_02
D:2:      layout_basic, uniq_terence, uniq_robin, uniq_jessica
D:3:      layout_basic, riverfiend_overflow_shadow_ancestor,
          gammafunk_temple_overflow_elements, ebering_ghost_disaster_area,
          chequers_ecumenical_altar_simple_redux, fedhas_altar_2
D:4:      layout_loops_ring
D:5:      layout_gridville, led_xom_imps, uniq_blork_the_orc,
          uniq_crazy_yiuf_cottage

Skill      XL: |  1  2  3  4  5  6 |
---------------+-------------------+-----
Fighting       | 4 5 |  5.4
Axes           | 4 5 |  5.3
Armour         | 3 4 |  4.5
Dodging        | 3 4 |  4.1
Evocations     | |  0.6

Action                   |  1- 3 |  4- 6 || total
-------------------------+-------+-------++-------
Melee: Hand axe          |    70 |   170 ||   240
       Headbutt          |     6 |    23 ||    29
Invok: Trog's Hand       |       |     3 ||     3
Armor: Animal skin       |     6 |       ||     6
       Chain mail        |    21 |    80 ||   101
Dodge: Dodged            |    42 |    55 ||    97
